Map: Catalyst LE

Players

lIIllllIIlll (INnoVation) - Winner!

  • Race: Terran Terran
  • League: Master
  • Spawn Location: 11:00

Zanster

  • Race: Zerg Zerg
  • League: Master
  • Spawn Location: 5:00

Event: HomeStory Cup XVII

VOD

Have the link to the VOD?

Description

Time

  • Played on: June 29, 2018, 5:51 p.m.
  • Length: 21:16

All games in this series

Show
View Real Time Build Order
Export as new Build Order

lIIllllIIlll Terran - Winner!

Build Orders: Gas First Reaper Expand, Reaper Expand, Bio Tank, Hellion Banshee 

Get SALT Encoding   

  12  0:00  SCV  
  13  0:12  SCV  
  14  0:17  Supply Depot  
  14  0:25  SCV  
  15  0:30  Refinery  
  15  0:39  SCV  
  16  0:44  Barracks  
  16  0:51  SCV  
  17  1:03  SCV  
  18  1:15  SCV  
  19  1:31  Orbital Command, Reaper  
  20  1:43  Command Center  
  20  1:56  Factory  
  20  1:58  SCV  
  21  2:07  Barracks Reactor  
  21  2:10  SCV  
  21  2:15  Supply Depot  
  22  2:16  Refinery  
  22  2:22  SCV  
  23  2:36  SCV  
  24  2:42  Starport  
  24  2:47  Hellion x2  
  24  2:48  SCV  
  29  2:56  Orbital Command  
  29  2:59  Barracks Tech Lab  
  29  3:02  SCV  
  30  3:11  Hellion  
  32  3:13  Hellion  
  32  3:18  SCV  
  35  3:22  Medivac  
  35  3:25  SCV  
  38  3:31  SCV  
  39  3:37  Supply Depot  
  39  3:38  Hellion x2  
  43  3:43  SCV x2  
  43  3:46  Barracks Tech Lab  
  45  3:57  SCV  
  45  3:59  SCV, Banshee  
  45  4:00  Supply Depot  
  50  4:11  Stimpack, Marine  
  50  4:13  SCV x2  
  53  4:19  Factory Reactor  
  53  4:25  SCV x2  
  55  4:36  Command Center  
  55  4:37  SCV x2  
  57  4:43  Barracks  
  60  4:51  Supply Depot  
  60  4:52  SCV x2  
  62  4:53  Barracks  
  62  5:05  SCV x2  
  62  5:06  Marine  
  55  5:17  Engineering Bay x2, SCV x2, Refinery  
  55  5:18  Starport Reactor, Refinery  
  57  5:22  Siege Tank  
  57  5:24  Marine  
  57  5:27  Supply Depot  
  61  5:29  SCV  
  61  5:30  SCV, Marine x2  
  65  5:41  SCV  
  65  5:42  SCV, Marine  
  68  5:44  Terran Infantry Weapons Level 1, Terran Infantry Armor Level 1  
  68  5:48  Marine x2  
  68  5:50  Orbital Command  
  68  5:54  Siege Tank  
  68  5:56  SCV x2  
  71  5:58  Marine x2  
  71  6:01  Medivac  
  75  6:05  Barracks, Medivac  
  75  6:06  Barracks  
  75  6:08  SCV x2  
  79  6:11  Combat Shield, Marine x2  
  79  6:12  Marine  
  79  6:15  Orbital Command  
  79  6:16  Reaper  
  83  6:22  Supply Depot, SCV x2  
  83  6:23  Supply Depot  
  85  6:32  Marine x4  
  89  6:36  SCV x2  
  91  6:41  SCV  
  91  6:43  Armory  
  91  6:45  Supply Depot  
  91  6:46  Siege Tank  
  95  6:48  SCV x2, Marine  
  95  6:52  Barracks Reactor  
  95  6:53  Marine x4, Barracks Reactor  
  102  6:57  SCV  
  102  7:00  SCV x2  
  105  7:02  Supply Depot  
  105  7:04  Refinery, Supply Depot  
  105  7:05  Refinery  
  105  7:06  Marine  
  106  7:09  SCV  
  106  7:12  SCV x2  
  106  7:13  Marine x2  
  106  7:14  Marine x2  
  113  7:20  Siege Tank  
  116  7:22  Factory  
  116  7:23  Marine  
  116  7:25  SCV x2  
  116  7:26  SCV  
  119  7:31  Supply Depot  
  119  7:32  Supply Depot  
  119  7:34  Marine  
  119  7:35  Marine x4  
  124  7:40  Terran Infantry Armor Level 2, Terran Infantry Weapons Level 2  
  124  7:42  Terran Vehicle And Ship Armor Level 1  
  124  7:53  Medivac x2  
  124  7:56  SCV x3  
  124  7:57  Marine  
  124  7:58  Marauder, Marine x4  
  138  8:02  Supply Depot  
  138  8:04  Supply Depot  
  138  8:05  Siege Tank  
  138  8:06  Factory Tech Lab  
  140  8:15  Marine x5  
  140  8:16  Concussive Shells  
  140  8:19  Marauder  
  144  8:23  Medivac  
  144  8:24  Medivac  
  142  8:33  Siege Tank  
  144  8:34  Marine x2  
  144  8:40  Command Center  
  144  8:41  Marauder, Marine  
  148  8:42  Marine  
  148  8:45  Sensor Tower  
  147  8:53  Siege Tank  
  147  8:54  Marine x2  
  149  9:01  Medivac  
  149  9:02  Marauder, Medivac  
  155  9:05  Siege Tank  
  155  9:08  Supply Depot x2  
  158  9:18  Barracks  
  158  9:20  Barracks  
  158  9:22  Barracks  
  154  9:31  Siege Tank, Marine, Medivac  
  157  9:32  Marauder, Medivac  
  157  9:34  SCV  
  157  9:35  SCV x2  
  157  9:37  Siege Tank  
  170  9:45  Marine  
  170  9:46  Marine x6  
  170  9:49  SCV x3  
  180  9:53  Marauder  
  182  10:06  Terran Infantry Armor Level 3, Terran Infantry Weapons Level 3  
  181  10:09  Barracks Tech Lab  
  181  10:10  Refinery  
  181  10:12  Refinery, Barracks Tech Lab  
  181  10:15  Marauder, Planetary Fortress  
  183  10:25  Ghost Academy  
  183  10:26  Marine  
  183  10:27  Marine x4  
  184  10:36  Marauder, Barracks Tech Lab  
  184  10:41  Sensor Tower  
  185  10:46  Command Center  
  185  10:47  Siege Tank x2  
  190  10:50  Terran Vehicle And Ship Armor Level 2  
  189  11:07  Ghost x3  
  189  11:23  Ghost  
  189  11:24  Marine x6  
  196  11:31  Marine x2  
  192  11:35  Siege Tank x2  
  192  11:36  Marine x2, Ghost  
  193  11:40  Liberator  
  193  11:41  Marine  
  193  11:42  Marine x2  
  196  11:50  Command Center  
  196  11:57  Marine  
  200  12:03  Liberator  
  200  12:09  Sensor Tower, Missile Turret  
  200  12:12  Missile Turret  
  200  12:15  Missile Turret, Marine  
  200  12:16  Sensor Tower  
  200  12:20  Marine  
  197  12:24  Siege Tank x2  
  193  12:30  Ghost  
  193  12:31  Ghost x2  
  193  12:34  Marine  
  200  12:48  SCV x3  
  200  12:54  Planetary Fortress  
  200  12:56  Hi-Sec Auto Tracking, Structure Armor, Ghost  
  200  12:57  Marine  
  200  13:00  Command Center  
  200  13:01  Command Center  
  200  13:03  Planetary Fortress  
  200  13:05  Refinery  
  200  13:07  Refinery  
  200  13:08  Liberator x2  
  187  13:21  Siege Tank x2  
  199  13:33  SCV  
  200  13:53  Starport  
  200  13:55  Starport, Fusion Core  
  200  13:58  Missile Turret  
  200  13:59  Missile Turret  
  200  14:03  Terran Vehicle And Ship Armor Level 3, Command Center  
  200  14:04  Personal Cloaking  
  200  14:08  Unknown x2  
  200  14:10  Missile Turret  
  200  14:11  Missile Turret, Unknown  
  200  14:18  Orbital Command x2  
  200  14:27  Ghost Academy  
  200  14:29  Ghost Academy  
  200  14:36  Unknown  
  200  14:39  Missile Turret  
  200  15:02  Barracks  
  200  15:03  Barracks  
  200  15:06  Ghost x3  
  191  15:07  Starport Tech Lab  
  191  15:13  Siege Tank x2, Liberator x4  
  166  15:26  Unknown x7  
  166  15:27  Advanced Ballistics  
  166  15:31  Missile Turret  
  166  15:33  Missile Turret, Marine  
  150  15:45  Siege Tank  
  150  15:46  Marauder x4, Marine x7  
  162  15:51  Marine  
  162  15:54  Command Center  
  162  15:55  Barracks Tech Lab x2  
  162  15:56  Liberator x4  
  154  16:00  SCV x3  
  154  16:02  SCV  
  154  16:03  SCV  
  154  16:04  Marine x3  
  155  16:12  Siege Tank, SCV x2  
  155  16:17  Siege Tank  
  174  16:30  SCV x3  
  177  16:37  Ghost x3  
  177  16:38  Marine x8  
  177  16:39  Liberator x3  
  190  16:40  Terran Ship Weapons Level 1  
  190  16:41  Command Center  
  190  16:57  Liberator  
  197  17:02  Refinery, Command Center  
  195  17:09  Refinery  
  198  17:31  Sensor Tower  
  198  17:33  Missile Turret  
  198  17:34  Missile Turret  
  198  17:45  Unknown x2  
  198  17:52  Refinery  
  198  17:55  Missile Turret  
  198  17:57  Missile Turret  
  198  17:58  Missile Turret  
  198  17:59  Missile Turret  
  195  18:07  Ghost x2  
  199  18:15  Planetary Fortress  
  199  18:16  Liberator  
  199  18:24  Unknown, Liberator x2  
  199  18:25  Liberator  
  199  18:26  Command Center  
  199  18:30  Command Center  
  187  18:37  Unknown x4  
  187  18:40  Marauder, Marine x3  
  187  18:41  Marauder x5, Marine x4  
  200  18:50  Refinery  
  200  18:52  Planetary Fortress  
  200  19:02  Command Center x2  
  200  19:08  Command Center  
  200  19:17  Sensor Tower  
  193  19:45  SCV x4  
  190  19:46  Ghost x3  
  190  19:50  Orbital Command  
  195  19:54  Missile Turret  
  195  19:55  Missile Turret  
  195  20:01  Orbital Command  
  195  20:05  Missile Turret  
  195  20:06  Liberator  
  195  20:18  Unknown x11  
  195  20:20  Orbital Command x2  
  196  20:34  Starport Reactor  
  167  20:37  Ghost  
  167  20:38  Marine x3, Ghost x3  
  167  20:39  Marine x4  
  188  20:54  Marine  
  188  20:56  Marine  
Show
View Real Time Build Order
Export as new Build Order

Zanster Zerg 

Build Orders: Hatch First 

Get SALT Encoding   

  12  0:00  Drone  
  13  0:12  Overlord  
  13  0:16  Drone  
  14  0:31  Drone x2  
  16  0:49  Hatchery  
  15  0:51  Drone  
  15  0:55  Drone  
  17  1:10  Spawning Pool  
  16  1:12  Drone  
  16  1:15  Drone  
  16  1:17  Extractor  
  17  1:20  Drone  
  18  1:28  Drone  
  19  1:39  Drone  
  20  1:50  Overlord  
  20  2:01  Queen x2  
  20  2:02  Zergling x4  
  26  2:11  Drone  
  26  2:12  Drone  
  28  2:17  Metabolic Boost  
  28  2:22  Drone  
  29  2:25  Drone  
  30  2:36  Hatchery  
  29  2:38  Drone  
  29  2:43  Drone x2  
  32  2:49  Queen  
  34  2:55  Overlord  
  34  2:57  Drone  
  35  2:59  Drone  
  35  3:04  Overlord  
  36  3:13  Drone  
  36  3:14  Drone x4  
  36  3:16  Drone  
  36  3:17  Drone  
  36  3:19  Drone  
  44  3:23  Drone  
  45  3:28  Drone  
  45  3:29  Queen  
  48  3:35  Overlord  
  48  3:44  Zergling x6  
  48  3:45  Drone  
  48  3:47  Overlord  
  52  3:48  Queen  
  52  3:51  Drone x2  
  56  4:02  Roach Warren  
  55  4:04  Drone x4  
  55  4:06  Overlord  
  59  4:10  Queen  
  59  4:13  Drone  
  59  4:14  Drone  
  59  4:15  Drone  
  59  4:16  Drone  
  65  4:20  Baneling Nest  
  65  4:21  Drone x3  
  68  4:24  Overlord  
  65  4:39  Overlord  
  65  4:41  Zergling x4  
  65  4:42  Overlord  
  65  4:43  Lair  
  65  4:44  Drone x3  
  70  4:47  Extractor  
  70  4:49  Drone  
  70  4:50  Drone  
  70  4:51  Extractor, Drone  
  71  4:53  Drone  
  71  4:55  Overlord  
  72  5:03  Drone  
  72  5:04  Drone x4  
  75  5:07  Drone x2  
  75  5:12  Spore Crawler  
  76  5:15  Spore Crawler, Drone x2  
  77  5:21  Drone  
  77  5:22  Drone x3, Evolution Chamber  
  77  5:23  Overlord  
  77  5:24  Evolution Chamber  
  77  5:26  Drone  
  77  5:27  Drone  
  81  5:29  Extractor, Drone  
  81  5:30  Extractor, Drone  
  81  5:31  Drone  
  81  5:32  Drone  
  81  5:34  Drone  
  84  5:36  Drone  
  84  5:38  Overlord  
  84  5:41  Centrifical Hooks  
  85  5:45  Extractor  
  83  5:54  Drone  
  83  5:55  Drone x2  
  83  5:59  Zerg Melee Weapons Level 1  
  83  6:01  Zergling x20  
  93  6:05  Overlord  
  93  6:06  Overlord  
  93  6:09  Zerg Ground Armor Level 1  
  93  6:15  Hatchery  
  93  6:16  Hydralisk Den  
  93  6:18  Overlord  
  91  6:22  Zergling x2  
  91  6:23  Zergling x4  
  94  6:26  Overlord  
  94  6:36  Zergling x4  
  94  6:37  Zergling x16  
  104  6:41  Overlord  
  104  6:49  Overlord  
  104  6:53  Baneling x2  
  104  6:54  Baneling x4  
  104  6:57  Hydralisk x3  
  110  7:01  Hydralisk  
  110  7:06  Hydralisk  
  114  7:09  Hydralisk x4  
  114  7:10  Hydralisk x3  
  128  7:16  Zergling x8  
  128  7:17  Overlord  
  132  7:26  Overlord  
  132  7:29  Drone x3  
  135  7:30  Queen  
  135  7:32  Muscular Augments  
  135  7:33  Drone  
  135  7:34  Drone  
  139  7:39  Infestation Pit  
  139  7:41  Drone  
  139  7:42  Drone x2  
  140  7:45  Overlord  
  140  7:56  Overlord  
  140  8:01  Zerg Melee Weapons Level 2  
  140  8:03  Zerg Ground Armor Level 2  
  140  8:04  Zergling x8  
  140  8:05  Zergling x18  
  153  8:08  Overlord  
  153  8:12  Zergling x6  
  147  8:22  Zergling x8  
  150  8:31  Hatchery  
  150  8:33  Hive  
  149  8:34  Hydralisk  
  149  8:35  Hydralisk x5  
  149  8:41  Zergling x12  
  162  8:43  Grooved Spines  
  162  8:44  Baneling x7  
  162  8:48  Zergling x8  
  165  8:55  Zergling x2  
  165  8:56  Zergling x4  
  165  9:01  Zergling x16  
  165  9:02  Zergling x4  
  173  9:23  Zergling x16  
  173  9:29  Baneling x5  
  173  9:34  Zergling x10  
  173  9:35  Zergling x16  
  186  9:41  Zergling x4  
  186  9:44  Zergling x2  
  189  9:46  Adrenal Glands  
  189  9:49  Viper  
  189  9:50  Viper x2  
  198  9:53  Zergling x2  
  199  10:06  Extractor  
  198  10:07  Extractor  
  197  10:20  Zerg Ground Armor Level 3  
  197  10:23  Overlord  
  196  10:30  Spore Crawler  
  196  10:33  Drone x4  
  196  10:34  Drone  
  198  10:49  Zergling x10  
  200  10:52  Overseer  
  200  10:53  Overseer  
  200  10:54  Pneumatized Carapace  
  200  10:56  Zerg Melee Weapons Level 3  
  200  10:57  Hatchery  
  197  11:09  Zergling x2  
  197  11:10  Zergling x18  
  158  11:34  Zergling x2  
  158  11:35  Zergling x56  
  158  11:36  Zergling x12  
  180  11:40  Zergling x4  
  180  11:45  Zergling x2  
  180  11:49  Zergling x8  
  184  11:57  Baneling x10  
  184  11:59  Zergling x6  
  186  12:01  Zergling x4  
  186  12:02  Zergling x6  
  186  12:05  Zergling x2  
  192  12:11  Overseer x2  
  192  12:12  Overseer x2  
  192  12:14  Zergling x26  
  165  12:32  Zergling x16  
  165  12:33  Zergling x10  
  169  12:37  Viper x2  
  169  12:43  Drone  
  175  12:44  Drone x5  
  175  12:50  Zergling x18  
  175  12:51  Zergling x2  
  179  12:56  Hydralisk x2  
  179  12:58  Zerg Missile Weapons Level 1  
  180  13:01  Baneling x2  
  180  13:02  Baneling x7  
  180  13:03  Hydralisk x8  
  178  13:15  Hydralisk  
  178  13:16  Hydralisk x6  
  188  13:25  Hydralisk x3  
  188  13:26  Hydralisk x2  
  198  13:41  Zergling x2  
  199  13:52  Baneling x6  
  199  13:53  Baneling x5  
  199  14:18  Hatchery  
  198  14:37  Zergling x2  
  194  14:52  Zerg Missile Weapons Level 2  
  194  14:56  Spire  
  167  15:14  Zergling x14  
  167  15:15  Zergling x50  
  167  15:19  Zergling x14  
  195  15:30  Zergling x24  
  182  15:38  Hydralisk x10  
  182  15:41  Overlord  
  182  15:42  Hydralisk x2  
  153  15:53  Hydralisk x9  
  153  15:54  Zergling x10  
  161  15:58  Hydralisk  
  161  15:59  Zergling x10  
  160  16:05  Drone  
  160  16:06  Drone x2  
  160  16:07  Hydralisk x3  
  169  16:15  Baneling x9  
  169  16:16  Viper x3  
  177  16:19  Zergling x16  
  177  16:20  Zergling x2  
  177  16:21  Zergling x2  
  177  16:25  Zergling x2  
  187  16:28  Burrow  
  187  16:32  Zergling x6  
  183  16:33  Zergling x6  
  183  16:38  Zergling x2  
  183  16:39  Zergling x24  
  197  16:44  Overseer  
  197  16:51  Zergling x6  
  199  16:54  Baneling x11  
  185  17:08  Zergling x14  
  185  17:09  Zergling x12  
  185  17:13  Zergling x8  
  193  17:17  Overlord x2  
  193  17:18  Overseer x2  
  193  17:19  Overseer  
  193  17:20  Overseer  
  193  17:25  Overlord x2  
  193  17:31  Overlord  
  193  17:40  Zergling x2  
  193  17:41  Zergling x10  
  199  17:45  Baneling  
  199  17:46  Baneling x9  
  190  18:07  Zerg Missile Weapons Level 3  
  190  18:08  Zergling x20  
  197  18:33  Zergling x2  
  197  18:34  Zergling x54  
  160  18:35  Zergling x14  
  160  18:39  Hydralisk  
  167  18:42  Hydralisk x4  
  167  18:47  Hydralisk x3  
  167  18:48  Zergling x6, Hydralisk  
  186  18:57  Zergling x22  
  186  18:58  Zergling x2  
  186  19:01  Zerg Flyer Weapons Level 1  
  199  19:02  Zergling x2  
  199  19:03  Zergling x2  
  199  19:09  Baneling x15  
  200  19:10  Baneling x3  
  200  19:30  Hatchery  
  183  19:44  Hydralisk x16  
  183  19:45  Hydralisk x3  
  198  19:49  Pathogen Glands  
  174  20:18  Swarm Host x8  
  153  20:37  Hydralisk x6  
  153  20:38  Zergling x10, Hydralisk  
  153  20:39  Zergling x44  
  173  20:47  Hydralisk x4  
  181  20:54  Zergling x2  
Tags
 
Add a new tag
Caveats
  • Supply blocks, unpowered buildings, or Contaminate may cause inaccurate times.
  • Supply counts are checked every 10 seconds.